 Dungeon Sprint DCSS version 0.21-a0-417-g0adc95b (webtiles) character file.

6304 Kidiri the Martial Artist (level 10, 0/96 HPs)
             Began as a Red Draconian Transmuter on Nov 3, 2017.
             Was a High Priest of Wu Jian.
             Slain by a demonic crawler (10 damage)
             ... in the Dungeon (Sprint I: "Red Sonja").
             The game lasted 00:07:03 (1548 turns).

Kidiri the Martial Artist (DrTm)                    Turns: 1548, Time: 00:07:04

Health: 0/96       AC:  7    Str: 14    XL:     10   Next: 63%
Magic:  10/21      EV: 17    Int: 13    God:    Wu Jian [*****.]
Gold:   768        SH:  0    Dex: 14    Spells: 2/24 levels left

rFire    + . .     SeeInvis .     - Unarmed
rCold    . . .     Gourm    .   (shield currently unavailable)
rNeg     . . .     Faith    .   (armour unavailable)
rPois    .         Spirit   .   (helmet restricted)
rElec    .         Reflect  .   (no cloak)
rCorr    .         Harm     .   (gloves currently unavailable)
MR       .....     NoTele   +   (no boots)
Stlth    ++++......             (no amulet)
HPRegen  0.26/turn              (no ring)
MPRegen  0.17/turn              (no ring)

@: blade hands (expiring)
A: breathe fire, unfitting armour, fire resistance 1, cold-blooded, AC +7
a: Breathe Fire, End Transformation, Serpent's Lash, Heavenly Storm, Renounce
Religion


You were in the Dungeon.
You worshipped Wu Jian.
Wu Jian was extremely pleased with you.
You were not hungry.
You had blades for hands.
You visited 1 branch You collected 768 gold pieces.

Inventory:

Hand Weapons
 j - a cursed -1 giant spiked club
 l - a +0 scythe
 p - a +0 dagger
 r - a +0 dagger
 t - a +0 shortbow
 u - a +0 shortbow
 v - a +0 club
 x - a +0 hunting sling
 z - a +1 dagger of electrocution
Missiles
 a - 88 arrows
 w - 33 stones (quivered)
Armour
 d - a +0 troll leather armour
 e - a +0 leather armour
 m - a +0 robe
 o - a +0 ring mail
 q - a +0 robe
 s - a +0 robe
Scrolls
 i - a scroll of blinking
 y - a scroll of enchant armour {unknown}
Potions
 c - a potion of cancellation {unknown}
 f - a potion of haste
 g - 2 potions of magic
 h - a potion of berserk rage
 k - a potion of brilliance {unknown}
Books
 b - a book of Changes

   Spells                             Type                      Level
   a - Beastly Appendage              Transmutation                1
   b - Sticks to Snakes               Transmutation                2
   c - Spider Form                    Transmutation/Poison         3
   d - Ice Form                       Ice/Transmutation            4
   e - Blade Hands                    Transmutation                5
 n - a Young Poisoner's Handbook

   Spells                             Type                      Level
   a - Sting                          Conjuration/Poison           1
   b - Poisonous Vapours              Poison/Air                   2
   c - Mephitic Cloud                 Conjuration/Poison/Air       3
   d - Olgreb's Toxic Radiance        Poison                       4
   e - Venom Bolt                     Conjuration/Poison           5
Miscellaneous
 A - a phantom mirror
 B - a fan of gales


   Skills:
 * Level 11.3 Fighting
 + Level 7.7 Dodging
 + Level 7.3 Stealth
 * Level 12.0 Unarmed Combat
 + Level 7.8 Spellcasting
 + Level 5.3 Conjurations
 * Level 11.0 Transmutations
 + Level 5.4 Ice Magic
 + Level 7.2 Poison Magic


You had 2 spell levels left.
You knew the following spells:

 Your Spells              Type           Power        Failure   Level  Hunger
a - Beastly Appendage     Tmut           ####..       8%          1    None
b - Sticks to Snakes      Tmut           ####....     9%          2    None
c - Spider Form           Tmut/Pois      ####......   16%         3    ##.....
d - Ice Form              Ice/Tmut       ####....     32%         4    ####...
e - Blade Hands           Tmut           ####......   30%         5    #####..
f - Mephitic Cloud        Conj/Pois/Air  ###.....     41%         3    ##.....
g - Olgreb's Toxic Radia  Pois           ###.....     38%         4    ####...


Dungeon Overview and Level Annotations

Branches:
Dungeon (1/1)

Altars:
Cheibriados
Dithmenos
Elyvilon
Fedhas
Gozag
Hepliaklqana
Kikubaaqudgha
Makhleb
Nemelex Xobeh
Okawaru
Qazlal
Ru
Sif Muna
Trog
Uskayaw
Vehumet
Wu Jian
Xom
Yredelemnul
Zin
The Shining One
Jiyva
Lugonu

Shops:
D *(%[}%[}}:*=(![!

Annotations:
D exclusion: 2 doors


Innate Abilities, Weirdness & Mutations

You can breathe blasts of fire.
Your fiery red scales are hard. (AC +7)
You cannot fit into any form of body armour.
Your flesh is heat resistant. (rF+)
You are cold-blooded and may be slowed by cold attacks.


Message History

The demonic crawler misses you.
Unknown command.
Unknown command.
You lunge at the demonic crawler.
The demonic crawler is caught off-guard!
You shred the demonic crawler!!!
You kill the demonic crawler!
The Council accepts your kill.
Your Transmutations skill increases to level 11!
You spin and attack the demonic crawler repeatedly.
You hit the demonic crawler.
The demonic crawler is severely wounded.
You hit the demonic crawler but do no damage.
You tail-slap the demonic crawler.
The demonic crawler is almost dead.
The demonic crawler hits you!
* * * LOW HITPOINT WARNING * * *
The demonic crawler hits you but does no damage. x2
The demonic crawler misses you. The demonic crawler hits you!
You die...

###################
..#..'..#__#..§.s.#
..'..#..'..'..#§s.##+#
#+#####+#__####.@†'..#
..#...#.####§§#####..+
###..##.#§§≈§.#.§# +##
__##+#_.+§§§§.+§§#
...+..._#≈§§§.#§§#
__##_.#+##+#####+###
__###+#.#§...###.+.#
### ####+###.###.#
+..§§.+.∩##.#


You could see 2 demonic crawlers.

Vanquished Creatures
  2 centaur warriors (D)
  A deep troll (D)
  2 unseen horrors (D)
  An oklob plant (D)
  2 kobold demonologists (D)
  2 demonic crawlers (D)
  A slime creature (D)
  A hornet (D)
  Sigmund (D)
  2 redbacks (D)
  A yak (D)
  2 floating eyes (D)
  7 necrophages (D)
  An ogre (D)
  8 jellies (D)
  Ijyb (D)
35 creatures vanquished.

Vanquished Creatures (others)
  A gargoyle (D)
1 creature vanquished.

Grand Total: 36 creatures vanquished

Notes
Turn   | Place    | Note
-------+----------+-------------------------------------------
     0 | D        | Kidiri the Draconian Transmuter began the quest for the Orb.
     0 | D        | Reached XP level 1. HP: 16/16 MP: 3/3
     3 | D        | Noticed Ijyb
    44 | D        | Killed Ijyb
    44 | D        | Reached skill level 5 in Unarmed Combat
    44 | D        | Reached XP level 2. HP: 2/23 MP: 3/5
   179 | D        | Killed a gargoyle
   333 | D        | Learned a level 2 spell: Sticks to Snakes
   334 | D        | Noticed an ogre
   347 | D        | Killed an ogre
   347 | D        | Reached skill level 6 in Unarmed Combat
   347 | D        | Reached XP level 3. HP: 24/29 MP: 1/8
   347 | D        | Reached XP level 4. HP: 29/36 MP: 1/9
   369 | D        | Learned a level 3 spell: Spider Form
   421 | D        | Noticed Sigmund
   430 | D        | Killed Sigmund
   430 | D        | Reached skill level 7 in Unarmed Combat
   430 | D        | Reached skill level 5 in Transmutations
   430 | D        | Reached XP level 5. HP: 31/47 MP: 7/11
   542 | D        | Learned a level 4 spell: Ice Form
   544 | D        | Found an ornate altar of the Wu Jian Council.
   544 | D        | Found a deep blue altar of Sif Muna.
   546 | D        | Found a radiant altar of Vehumet.
   549 | D        | Became a worshipper of the Wu Jian Council
   555 | D        | Reached XP level 6. HP: 30/55 MP: 9/12
   695 | D        | Found Xomud's General Store.
   695 | D        | Found an ancient bone altar of Kikubaaqudgha.
   695 | D        | Found a hazy altar of Hepliaklqana.
   695 | D        | Found a stormy altar of Qazlal.
   695 | D        | Found a hide-covered altar of Uskayaw.
   695 | D        | Found a blossoming altar of Fedhas.
   695 | D        | Found a bloodstained altar of Trog.
   695 | D        | Found an iron altar of Okawaru.
   695 | D        | Found a basalt altar of Yredelemnul.
   695 | D        | Found a glowing golden altar of the Shining One.
   695 | D        | Found a snail-covered altar of Cheibriados.
   695 | D        | Found a sacrificial altar of Ru.
   695 | D        | Found a glowing silver altar of Zin.
   695 | D        | Found a shadowy altar of Dithmenos.
   695 | D        | Found a white marble altar of Elyvilon.
   695 | D        | Noticed a yak
   696 | D        | Found an opulent altar of Gozag.
   700 | D        | Killed a yak
   700 | D        | Reached skill level 5 in Fighting
   700 | D        | Reached skill level 8 in Unarmed Combat
   700 | D        | Reached skill level 5 in Spellcasting
   700 | D        | Reached skill level 1 in Ice Magic
   701 | D        | Found a sparkling altar of Nemelex Xobeh.
   713 | D        | Learned a level 5 spell: Blade Hands
   728 | D        | Found a burning altar of Makhleb.
   728 | D        | Found a viscous altar of Jiyva.
   728 | D        | Found a shimmering altar of Xom.
   728 | D        | Found a corrupted altar of Lugonu.
   728 | D        | Noticed a slime creature
   733 | D        | Killed a slime creature
   733 | D        | Reached * piety under Wu Jian
   733 | D        | Reached skill level 5 in Dodging
   733 | D        | Your scales start taking on a fiery red colour.
   733 | D        | Reached XP level 7. HP: 64/64 MP: 8/14
   733 | D        | Gained mutation: Your flesh is heat resistant. (rF+) [Red Draconian growth]
   787 | D        | Noticed a kobold demonologist
   788 | D        | Noticed a kobold demonologist
   790 | D        | Reached skill level 9 in Unarmed Combat
   792 | D        | Killed a kobold demonologist
   794 | D        | Killed a kobold demonologist
   794 | D        | Reached ** piety under Wu Jian
   794 | D        | Reached XP level 8. HP: 67/74 MP: 10/16
   805 | D        | Learned a level 3 spell: Mephitic Cloud
   836 | D        | Noticed a centaur warrior
   838 | D        | Noticed a centaur warrior
   844 | D        | Killed a centaur warrior
   844 | D        | Reached skill level 5 in Stealth
   844 | D        | Reached skill level 10 in Unarmed Combat
   844 | D        | Reached skill level 5 in Poison Magic
   845 | D        | Killed a centaur warrior
   845 | D        | Reached XP level 9. HP: 61/84 MP: 13/18
   959 | D        | Noticed a deep troll
   966 | D        | Killed a deep troll
   971 | D        | Found Pepoke's Armour Emporium.
  1253 | D        | Reached *** piety under Wu Jian
  1253 | D        | Reached skill level 11 in Unarmed Combat
  1263 | D        | Noticed an oklob plant
  1264 | D        | Killed an oklob plant
  1264 | D        | Reached skill level 10 in Fighting
  1264 | D        | Reached skill level 10 in Transmutations
  1271 | D        | Learned a level 4 spell: Olgreb's Toxic Radiance
  1280 | D        | Reached XP level 10. HP: 79/94 MP: 9/20
  1356 | D        | Reached **** piety under Wu Jian
  1364 | D        | Reached ***** piety under Wu Jian
  1370 | D        | Reached skill level 5 in Ice Magic
  1410 | D        | Found Xaulylef's Food Shoppe.
  1410 | D        | Found Cir Deno's Antique Weapon Shop.
  1410 | D        | Found Deojytz's Antique Armour Boutique.
  1412 | D        | Found Forheg's Gadget Emporium.
  1412 | D        | Found Bethao's Food Shop.
  1412 | D        | Found Gerer's Armour Shoppe.
  1412 | D        | Found Jacont's Gadget Boutique.
  1412 | D        | Found Japutof's Gadget Emporium.
  1412 | D        | Found Nenat's Book Shop.
  1412 | D        | Found Suog's General Store.
  1416 | D        | Found Gatit's Jewellery Boutique.
  1417 | D        | Found Vuilaunk's Distillery.
  1417 | D        | Found Ballai's Antique Weapon Boutique.
  1418 | D        | Found Oseaff's Distillery.
  1471 | D        | Noticed an unseen horror
  1472 | D        | Noticed an unseen horror
  1474 | D        | Killed an unseen horror
  1476 | D        | Killed an unseen horror
  1476 | D        | Reached skill level 5 in Conjurations
  1546 | D        | Reached skill level 12 in Unarmed Combat
  1548 | D        | Slain by a demonic crawler

Vault maps used:
D:        dungeon_sprint_1

Skill      XL: |  1  2  3  4  5  6  7  8  9 10 |
---------------+-------------------------------+-----
Dodging        | 2 3 4 5 6 7 |  7.7
Unarmed Combat | 5 6 7 8 9 10 11 12 | 12.0
Fighting       | 2 4 6 7 9 10 11 | 11.3
Spellcasting   | 3 4 5 6 7 |  7.8
Transmutations | 3 5 6 8 9 10 11 | 11.0
Stealth        | 2 3 4 5 6 7 |  7.3
Poison Magic   | 2 3 4 5 6 7 |  7.2
Ice Magic      | 2 3 4 5 |  5.4
Conjurations   | 3 4 5 |  5.3

Action                   |  1- 3 |  4- 6 |  7- 9 | 10-12 || total
-------------------------+-------+-------+-------+-------++-------
Melee: Unarmed           |    49 |    20 |    27 |    48 ||   144
       Punch             |     2 |       |       |     3 ||     5
       Tailslap          |     3 |     2 |     1 |    11 ||    17
       Kick              |     2 |       |       |       ||     2
 Cast: Beastly Appendage |     2 |       |       |       ||     2
       Sticks to Snakes  |     1 |       |       |       ||     1
       Spider Form       |       |     3 |       |       ||     3
       Blade Hands       |       |     1 |     5 |     3 ||     9
       Olgreb's Toxic Ra |       |       |       |     2 ||     2
Invok: Serpent's Lash    |       |       |       |     1 ||     1
       Heavenly Storm    |       |       |       |     1 ||     1
 Abil: Breathe Fire      |       |       |     1 |       ||     1
  Use: Potion            |     1 |       |     1 |       ||     2
 Stab: Sleeping          |       |     3 |     4 |     5 ||    12
  Eat: Chunk             |       |       |     3 |       ||     3
       Bread ration      |       |       |       |     1 ||     1
Armor: Skin              |     7 |       |     3 |    11 ||    21
Dodge: Dodged            |    21 |     8 |    16 |    30 ||    75

Table legend:
 A = Spawn XP
 B = Non-spawn XP
 C = Spawn XP percentage of total XP
 D = Spawn monster count
 E = Non-spawn monster count
 F = Spawn count percentage of total count
 G = Total turns spent on level
                    A         B        C        D         E        F      G
               +---------+---------+-------+---------+---------+-------+---------
         Total |       0 |    9007 |   0.0 |       0 |      35 |   0.0 |  1548
               +---------+---------+-------+---------+---------+-------+---------
             D |       0 |    9007 |   0.0 |       0 |      35 |   0.0 |  1548
               +---------+---------+-------+---------+---------+-------+---------
